 Dungeon Crawl Stone Soup version 0.16.0-17-g811c1d7 (console) character file.

3269 gw the Cleaver (level 10, -7/96 HPs)
             Began as a Hill Orc Gladiator on Mar 20, 2015.
             Mangled by a hill giant
             ... wielding a +0 giant club
              (17 damage)
             ... on level 10 of the Dungeon.
             The game lasted 00:13:39 (10631 turns).

gw the Cleaver (Hill Orc Gladiator)                Turns: 10631, Time: 00:13:39

Health: -7/96      AC: 16    Str: 14    XL:     10   Next: 0%
Magic:  9/10       EV:  5    Int: 13    God:
Gold:   483        SH:  0    Dex: 14    Spells: 0 memorised, 9 levels left

rFire  x . .     SeeInvis .     b - +4 war axe
rCold  + . .     Clarity  .     s - +0 plate armour
rNeg   . . .     SustAb   .     (no shield)
rPois  +         Gourm    .     t - +1 helmet of the Game of Life {+Blink rPois rF- Str-5 Int+5}
rElec  .         Spirit   .     g - +0 cloak
rCorr  .         Warding  .     (no gloves)
rMut   +         Stasis   .     (no boots)
MR     +....                    u - amulet of resist mutation
Stlth  ..........               (no ring)
                                (no ring)

@: about to teleport, very slightly contaminated, hasted, very quick, somewhat
resistant to hostile enchantments, extremely unstealthy
A: blurry vision 1, cold resistance 1, magic resistance 1, robust 1
a: Evoke Blink


You were on level 10 of the Dungeon.
You were not hungry.

You visited 2 branches of the dungeon, and saw 11 of its levels.
You also visited: Ossuary.

You collected 483 gold pieces.

Inventory:

Hand weapons
 b - a +4 war axe (weapon)
Missiles
 d - 3 throwing nets
 h - 38 poisoned needles
 l - 295 stones
 n - 2 tomahawks (quivered)
Armour
 g - a +0 cloak (worn)
 s - a +0 plate armour (worn)
 t - the +1 helmet of the Game of Life (worn) {+Blink rPois rF- Str-5 Int+5}
   (You found it on level 9 of the Dungeon)

   It affects your strength (-5).
   It affects your intelligence (+5).
   It makes you vulnerable to fire.
   It protects you from poison.
   It lets you blink.
Jewellery
 u - an amulet of resist mutation (around neck)
Magical devices
 c - a wand of confusion (26)
 p - a wand of fireball (0)
 q - a wand of random effects (11)
 w - a wand of enslavement (14)
Scrolls
 j - 3 scrolls of remove curse
 k - 13 scrolls of identify
 r - 2 scrolls of teleportation
Potions
 e - 5 potions of curing
 i - a potion of haste
Comestibles
 f - 3 meat rations
 m - 5 bread rations
 o - a slice of pizza
 v - a royal jelly


   Skills:
 + Level 7.9 Fighting
 * Level 11.6 Axes
 + Level 6.4 Throwing
 + Level 6.6 Armour
 - Level 2.4 Dodging


You had 9 spell levels left.
You didn't know any spells.

Dungeon Overview and Level Annotations

Branches:
Dungeon (10/15)            Temple (1/1) D:4            Lair (0/8) D:8
    Orc: D:9-12

Altars:
Ashenzari
Cheibriados
Dithmenos
Elyvilon
Fedhas
Gozag
Kikubaaqudgha
Makhleb
Nemelex Xobeh
Okawaru
Qazlal
Ru
Sif Muna
Trog
Vehumet
Xom
Yredelemnul
Zin
The Shining One

Annotations:
D:2 exclusion: 2 downstairs
D:3 exclusion: downstairs


Innate Abilities, Weirdness & Mutations

Scrolls take you a little longer to read.
Your flesh is cold resistant.
You are resistant to hostile enchantments.
You are robust (+10% HP).


Message History

Unknown command.
Use which ability? (? or * to list)
You blink.
You feel slightly more hungry.
A hound comes into view.
The hound barks!
The hill giant hits you with a giant club!!
The bat hits you but does no damage.
Unknown command.
Unknown command.
Unknown command.
Unknown command.
MOVING TO (-3,-2)
The bat barely misses you.
Unknown command.
Unknown command.
Unknown command.
MOVING TO (-3,-1)
The bat barely misses you.
The hill giant hits you with a giant club!
You die...

#..#..#..#.......#
#.%#######.......####
#..#..#..#..###..#.$# ..
#.....#......#.(....# ..¤
#....###..#..#..#..###..#
#.........#######....h..#
#...(.....#..#¤.#.......#
##...........#..C..###.....
#####......###.o...# ...
###.......b.#..# ..
#.........#### #####.....#
###...... ##....# ##.....
#####


You could see a hill giant, a hound and a bat.

Table legend:
 A = Turns spent in this place as a percentage of turns spent in the entire game.
 B = Non-inter-level travel turns spent in this place as a percentage of non-inter-level travel turns spent in the entire game.
 C = Inter-level travel turns spent in this place as a percentage of turns spent in this place.
 D = Turns resting spent in this place as a percentage of non-inter-level travel turns spent in this place.
 E = Turns spent auto-exploring this place as a percentage of non-inter-level travel turns spent in this place.
 F = Non-inter-level travel turns spent in this place divided by the number of levels of this place that you've seen.
                   A       B       C       D       E      F
               +-------+-------+-------+-------+-------+----------------------
         Total | 100.0 | 100.0 |   0.4 |   0.6 |   2.4 | 1447.5
       Dungeon |  88.3 |  88.3 |   0.5 |   0.7 |   2.3 | 1533.4
        Temple |   1.3 |   1.3 |   0.4 |   0.0 |   4.9 | 223.0
       Ossuary |  10.4 |  10.4 |   0.0 |   0.4 |   2.6 | 1813.0
               +-------+-------+-------+-------+-------+----------------------

Table legend:
 A = Kills in this place as a percentage of kills in entire the game.
 B = Kills by you in this place as a percentage of kills by you in the entire game.
 C = Kills by friends in this place as a percentage of kills by friends in the entire game.
 D = Other kills in this place as a percentage of other kills in the entire game.
 E = Experience gained in this place as a percentage of experience gained in the entire game.
 F = Experience gained in this place divided by the number of levels of this place that you have seen.
                   A       B       C       D       E      F
               +-------+-------+-------+-------+-------+----------------------
         Total | 100.0 | 100.0 |  -nan | 100.0 | 100.0 | 389.2
       Dungeon |  88.9 |  89.6 |  -nan |  33.3 |  96.0 | 448.3
       Ossuary |  11.1 |  10.4 |  -nan |  66.7 |   4.0 | 188.0
               +-------+-------+-------+-------+-------+----------------------

Vanquished Creatures
  A yak (D:10)
  Menkaure (Ossuary)
  An ice beast (D:4)
  The ghost of Demosins the Skirmisher, an average OgFi (D:3)
  A phantom (D:4)
  A sky beast (D:9)
  2 necrophages
  An eye of draining (D:9)
  7 ogres
  A black bear (D:9)
  3 centaurs
  Sigmund (D:6)
  5 giant frogs
  A scorpion (D:9)
  3 jellies
  A centaur zombie (D:7)
  A crimson imp (D:5)
  2 goliath beetles
  A centaur skeleton (D:10)
  Crazy Yiuf (D:4)
  2 hounds
  A worker ant (D:7)
  5 orc wizards
  3 iguanas
  A mummy (Ossuary)
  A hound skeleton (D:8)
  2 worker ant zombies
  4 gnolls (D:5)
  9 adders
  A shadow imp (D:9)
  A giant mite (D:1)
  5 worms
  An adder skeleton (D:8)
  5 giant geckos
  22 orcs
  A ball python (D:5)
  2 bat skeletons
  A bat zombie (D:5)
  3 giant cockroaches
  2 gnoll zombies (Ossuary)
  17 hobgoblins
  15 jackals
  4 quokkas
  11 bats
  6 giant newts
  A gnoll skeleton (Ossuary)
  7 goblins
  A goblin zombie (Ossuary)
  2 hobgoblin skeletons (Ossuary)
  2 hobgoblin zombies (Ossuary)
  15 kobolds
  3 kobold skeletons (Ossuary)
  3 kobold zombies (Ossuary)
  2 orc skeletons (Ossuary)
  2 orc zombies (Ossuary)
  18 rats
  4 rat skeletons (Ossuary)
  7 rat zombies
  2 ballistomycetes (D:8)
  A butterfly (D:4)
231 creatures vanquished.

Vanquished Creatures (others)
  An orc wizard (D:9)
  2 mummies (Ossuary)
  3 jackals (D:8)
  A giant spore (D:8)
  2 gnoll skeletons (Ossuary)
  4 gnoll zombies (Ossuary)
  A goblin skeleton (Ossuary)
  3 goblin zombies (Ossuary)
  A hobgoblin skeleton (Ossuary)
  A hobgoblin zombie (Ossuary)
  4 kobold skeletons (Ossuary)
  An orc skeleton (Ossuary)
  An orc zombie (Ossuary)
  4 rat skeletons (Ossuary)
  A rat zombie (Ossuary)
30 creatures vanquished.

Grand Total: 261 creatures vanquished

Notes
Turn   | Place    | Note
--------------------------------------------------------------
     0 | D:1      | gw, the Hill Orc Gladiator, began the quest for the Orb.
     0 | D:1      | Reached XP level 1. HP: 18/18 MP: 1/1
   247 | D:1      | Reached XP level 2. HP: 25/25 MP: 2/2
   754 | D:2      | Reached XP level 3. HP: 30/30 MP: 3/3
   789 | D:2      | Reached skill level 1 in Armour
  1371 | D:2      | Reached skill level 5 in Axes
  1441 | D:2      | Found a burning altar of Makhleb.
  1441 | D:2      | Noticed a blizzard demon
  1760 | D:3      | Reached XP level 4. HP: 38/38 MP: 4/4
  2010 | D:3      | Reached XP level 5. HP: 45/45 MP: 5/5
  2020 | D:3      | Found an ancient bone altar of Kikubaaqudgha.
  2039 | D:3      | Noticed Demosins' ghost (average OgFi)
  3423 | D:3      | Killed Demosins' ghost
  3423 | D:3      | Reached skill level 6 in Axes
  3423 | D:3      | Reached XP level 6. HP: 49/52 MP: 6/6
  3956 | D:4      | Reached skill level 7 in Axes
  3956 | D:4      | Reached XP level 7. HP: 60/60 MP: 7/7
  3977 | D:4      | Found a sand-covered staircase.
  4038 | Ossuary  | Entered an ossuary
  4473 | Ossuary  | Noticed Menkaure
  4478 | Ossuary  | Killed Menkaure
  4478 | Ossuary  | Reached skill level 5 in Fighting
  4591 | Ossuary  | Gained mutation: You are robust (+10% HP). [potion of beneficial mutation]
  4620 | Ossuary  | Gained mutation: You are resistant to hostile enchantments. [potion of mutation]
  4620 | Ossuary  | Gained mutation: Scrolls take you a little longer to read. [potion of mutation]
  4620 | Ossuary  | Gained mutation: You evolve. [potion of mutation]
  4848 | D:4      | Noticed Crazy Yiuf
  4853 | D:4      | Killed Crazy Yiuf
  5031 | D:4      | Found a staircase to the Ecumenical Temple.
  5041 | Temple   | Entered the Ecumenical Temple
  5177 | D:4      | Reached skill level 8 in Axes
  5204 | D:5      | Entered Level 5 of the Dungeon
  5216 | D:5      | Reached XP level 8. HP: 74/74 MP: 8/8
  5856 | D:5      | Found a stormy altar of Qazlal.
  6015 | D:5      | Gained mutation: Your flesh is cold resistant. [evolution]
  6015 | D:5      | Lost mutation: You evolve. [end of evolution]
  6955 | D:6      | Reached skill level 9 in Axes
  7065 | D:6      | Found a snail-covered altar of Cheibriados.
  7145 | D:6      | Found a sparkling altar of Nemelex Xobeh.
  7157 | D:6      | Noticed Sigmund
  7159 | D:6      | Killed Sigmund
  7159 | D:6      | Reached skill level 5 in Throwing
  7407 | D:7      | Got a smoking hand axe
  7410 | D:7      | Identified the +7 hand axe of Beogh's Benevolence {freeze, rPois rC- rN+ Int+4 Dex+2} (You found it on level 7 of the Dungeon)
  7548 | D:7      | Reached skill level 5 in Armour
  7581 | D:7      | Reached XP level 9. HP: 67/85 MP: 9/9
  8115 | D:7      | Reached skill level 10 in Axes
  8440 | D:8      | Found a glowing silver altar of Zin.
  8526 | D:8      | Found a staircase to the Lair.
  8564 | D:8      | Found a shadowy altar of Dithmenos.
  9054 | D:9      | Found an opulent altar of Gozag.
  9389 | D:9      | Got a jewelled helmet
  9400 | D:9      | Identified the +1 helmet of the Game of Life {+Blink rPois rF- Str-5 Int+5} (You found it on level 9 of the Dungeon)
  9667 | D:9      | Reached skill level 11 in Axes
  9811 | D:9      | Found a glowing silver altar of Zin.
  9812 | D:9      | Noticed an angel
 10308 | D:10     | Entered Level 10 of the Dungeon
 10491 | D:10     | Reached XP level 10. HP: 83/96 MP: 10/10
 10602 | D:10     | Noticed a hill giant
 10631 | D:10     | Mangled by a hill giant

Action                   |  1- 3 |  4- 6 |  7- 9 | 10-12 || total
-------------------------+-------+-------+-------+-------++-------
Melee: War axe           |    78 |    67 |   197 |    10 ||   352
Throw: Stone             |    54 |     2 |   102 |       ||   158
       Tomahawk          |    30 |    74 |   237 |     2 ||   343
 Abil: Evoke Blink       |       |       |       |     1 ||     1
Evoke: Wand              |       |       |       |     1 ||     1
  Use: Scroll            |     4 |     8 |     7 |     1 ||    20
       Potion            |     3 |     1 |     8 |     2 ||    14
  Eat: Chunk             |     2 |     8 |    15 |     1 ||    26
       Meat ration       |       |       |     1 |       ||     1

Vault maps used:
D:1:      sevenhm_arrival_forest_fort_small_3, minmay_misc_feat_doors
D:2:      makhleb_altar_promises_db
D:3:      overflow_temple_1_default, first_bread
D:4:      minmay_temple_entry_butterflies, enter_ossuary_4,
          uniq_crazy_yiuf_cottage
D:5:      lemuel_round_altar, roderic_aztec_sauvastika
D:6:      nemelex_deck, lemuel_doored_altar, uniq_sigmund
D:8:      lemuel_crystal_altar, lair_0_dummy, basic_altar
D:9:      zin_angel, overflow_temple_1_default
D:10:     hangedman_cross_cluster
Temple:   circular_temple_12
Ossuary:  ossuary_due_pyramid
